 Dungeon Crawl Stone Soup version 0.30-a0-29-g142975f185 (webtiles) character file.

Game seed: 7313711679593354771

25 ragingrage the Poker (level 2, 0/20 HPs)
             Began as a Demigod Wanderer on Aug 26, 2022.
             Slain by a jackal (3 damage)
             ... on level 2 of the Dungeon.
             The game lasted 00:00:43 (1113 turns).

ragingrage the Poker (Demigod Wanderer)             Turns: 1113, Time: 00:00:43

Health: 0/20       AC:  5    Str: 15    XL:     2   Next: 66%
Magic:  5/5        EV: 10    Int: 13    God:
Gold:   60         SH:  0    Dex: 12    Spells: 2/3 levels left

rFire   . . .      SeeInvis .    a - +2 spear
rCold   + . .      Faith    .    (no shield)
rNeg    . . .      Spirit   .    b - +0 ring mail
rPois   .          Reflect  .    (no helmet)
rElec   .          Harm     .    (no cloak)
rCorr   .          Rampage  .    (no gloves)
Will    .....                    (no boots)
Stlth   +.........               (no amulet)
HPRegen 0.06/turn                h - ring of protection from cold
MPRegen 0.09/turn                (no ring)

@: no status effects
A: high MP 1, forlorn, divine attributes
a: no special abilities


You were on level 2 of the Dungeon.
You visited 1 branch of the dungeon, and saw 2 of its levels.

You collected 60 gold pieces.

Inventory:

Hand Weapons
 a - a +2 spear (weapon)
Missiles
 g - 6 boomerangs
Armour
 b - a +0 ring mail (worn)
Jewellery
 h - a ring of protection from cold (left hand)
Scrolls
 e - a scroll of teleportation {unknown}
 j - a scroll of noise {unknown}
Potions
 c - a potion of curing
 d - a potion of cancellation {unknown}
 f - a potion of flight {unknown}
 i - a potion of heal wounds {unknown}


   Skills:
 * Level 4.2 Polearms
 - Level 1.7 Armour
 - Level 1.0 Dodging
 - Level 1.0 Spellcasting
 + Level 2.1 Hexes


You had 2 spell levels left.
You knew the following spells:

 Your Spells              Type           Power      Damage    Failure   Level
a - Slow                  Hex            24%        N/A       22%         1

Your spell library contained the following spells:

 Spells                   Type           Power      Damage    Failure   Level
 Summon Guardian Golem    Hex/Summ       3%         N/A       71%         3


Dungeon Overview and Level Annotations

Branches:
Dungeon (2/15)


Innate Abilities, Weirdness & Mutations

You have an increased reservoir of magic. (+10% MP)
You shall have no god before yourself.
Your divine heritage dramatically boosts your attributes as you level up.


Message History

The adder misses you. x2
You closely miss the adder.
The adder is lightly wounded.
The adder closely misses you.
You hit the adder.
The adder is severely wounded.
The adder bites you.
You closely miss the adder.
The adder is severely wounded.
The adder bites you but does no damage.
You closely miss the adder.
The adder is severely wounded.
The adder bites you but does no damage.
You hit the adder but do no damage.
The adder is severely wounded.
The adder bites you.
You are poisoned.
The adder poisons you! The adder bites you but does no damage.
You closely miss the adder.
The adder is severely wounded.
You feel sick. The adder bites you but does no damage.
You barely miss the adder.
The adder is severely wounded.
You feel sick. The adder bites you but does no damage.
You puncture the adder!
You kill the adder!
You feel sick.
You hit the jackal but do no damage.
You feel sick. The jackal bites you.
* * * LOW HITPOINT WARNING * * *
The jackal barely misses you.
You miss the jackal.
You feel sick.
You are no longer poisoned.
The jackal bites you but does no damage.
You closely miss the jackal. You punch the jackal, but do no damage.
The jackal bites you.
* * * LOW HITPOINT WARNING * * *
You hit the jackal but do no damage.
The jackal bites you but does no damage. x2
You closely miss the jackal. The jackal bites you.
You die...

....# ##...#
....# #...#
....... ....#
#...# .......
....#
##..##..l....
#...#....>..
#...#.......
##..#.......
##.##..##r......
#......@hl#
###########


You could see a quokka, a jackal and a frilled lizard.

Vanquished Creatures
  An adder (D:2)
  A bat (D:1)
  An endoplasm (D:1)
  A giant cockroach (D:1)
  A hobgoblin (D:1)
  3 jackals (D:2)
  A quokka (D:1)
  4 ball pythons
  2 frilled lizards (D:1)
15 creatures vanquished.

Notes
Turn   | Place    | Note
-------+----------+-------------------------------------------
     0 | D:1      | ragingrage the Demigod Wanderer began the quest for the
                  | Orb.
     0 | D:1      | ragingrage set off with the following items: a +2 spear, a
                  | +0 ring mail, a potion of curing; and the following spell
                  | memorised: Slow; and the following spells available to
                  | memorise: Summon Guardian Golem.
     0 | D:1      | Reached XP level 1. HP: 14/14 MP: 4/4
   239 | D:1      | Reached skill level 4 in Polearms
   556 | D:1      | Reached XP level 2. HP: 1/20 MP: 5/5
  1113 | D:2      | Slain by a jackal

Illustrated notes

Levels and vault maps discovered:
D:1:      scummos_arrival_simple_fountains, layout_basic,
          basic_ecumenical_altar, st_stairs_6
D:2:      layout_basic, serial_shops, nicolae_shop_statue_plus, serial_curves,
          eino_curves_01, eino_curves_02, eino_curves_04, uniq_terence

Skill      XL: |  1  2 |
---------------+-------+-----
Polearms       | 4 |  4.2
Hexes          | 2 |  2.1
Armour         | |  1.7
Dodging        | |  1.0
Spellcasting   | |  1.0

Action                   || total
-------------------------++-------
Melee: Spear             ||    65
       Punch             ||     1
Armor: Ring mail         ||    23
Dodge: Dodged            ||    24

Table legend: (Time is in decaauts)
 A = Elapsed time spent in this place.
 B = Non-inter-level travel time spent in this place.
 C = Inter-level travel time spent in this place.
 D = Time resting spent in this place.
 E = Time spent auto-exploring this place.
 F = Levels seen in this place.
 G = Mean time per level.
                   A        B        C        D        E       F      G
               +--------+--------+--------+--------+--------+-----+--------+
         Total |   1105 |   1069 |     36 |     85 |    880 |   2 |  552.5 |
       Dungeon |   1105 |   1069 |     36 |     85 |    880 |   2 |  552.5 |
               +--------+--------+--------+--------+--------+-----+--------+

Top non-repeatable levels by time:
     D:1: 1027 daAuts
     D:2: 78 daAuts
